 Dungeon Crawl Stone Soup version 0.31-a0-700-gf13585253f (webtiles) character file.

Game seed: 7653123810458258546

59 qw the Shooter (level 4, -1/28 HPs)
             Began as a Gargoyle Hunter on Sept 7, 2023.
             Slain by a gnoll
             ... wielding a +0 spear
              (7 damage)
             ... on level 2 of the Dungeon.
             The game lasted 00:00:31 (887 turns).

qw the Shooter (Gargoyle Hunter)                     Turns: 887, Time: 00:00:32

Health: -1/28      AC:  6    Str: 20    XL:     4   Next: 3%
Magic:  4/4        EV: 11    Int: 10    God:
Gold:   81         SH:  0    Dex: 15    Spells: 3/3 levels left

rFire   . . .        Y - +0 shortbow
rCold   . . .        (shield currently unavailable)
rNeg    + . .        c - +0 leather armour
rPois   inf          (no helmet)
rElec   +            (no cloak)
rCorr   .            (no gloves)
SInv    .            (no boots)
Will    .....        (no amulet)
Stlth   ++           i - +6 ring of strength
HPRegen 0.24/turn    (no ring)
MPRegen 0.09/turn

%: no passive effects
@: no status effects
A: sickness immunity, AC +3, negative energy resistance 1, electricity
resistance, torment resistance 1, petrification resistance
a: no special abilities


You were on level 2 of the Dungeon.
You visited 1 branch of the dungeon, and saw 2 of its levels.

You collected 81 gold pieces.


Innate Abilities, Weirdness & Mutations

You are immune to sickness and miasma.
Your stone body is resilient. (AC +3)
You are immune to poison.
You resist negative energy. (rN+)
You are resistant to electric shocks. (rElec)
You are resistant to unholy torment.
You are immune to petrification.


   Skills:
 - Level 3.0 Fighting
 + Level 5.1 Ranged Weapons
 - Level 1.5 Dodging
 - Level 1.1 Stealth


You had 3 spell levels left.
You didn't know any spells.
Your spell library was empty.

Inventory:

Hand Weapons
 Y - a +0 shortbow (weapon)
Armour
 c - a +0 leather armour (worn)
Jewellery
 i - a +6 ring of strength (left hand)
Scrolls
 a - a scroll of teleportation {unknown}
 b - 3 scrolls of amnesia {unknown}
 e - a scroll of blinking {unknown}
 h - a scroll of identify
Potions
 d - 4 potions of curing
 f - a potion of resistance {unknown}
 g - a potion of lignification {unknown}

Dungeon Overview and Level Annotations

Branches:
Dungeon (2/15)

Altars:


Message History

The gnoll is heavily wounded.
The gnoll barely misses you.
The gnoll hits you from afar with a +0 spear.
872 ||| Stepping ~*~*~tactically~*~*~ (outnumbered).
You shoot an arrow. The arrow closely misses the gnoll.
You shoot an arrow. The arrow hits the gnoll.
You kill the gnoll!
Your Fighting skill increases to level 3!
875 ||| FLEEEEING.
A goblin comes into view. It is wielding a +0 dagger.
The goblin shouts!
The goblin moves out of view.
876 ||| FLEEEEING.
877 ||| FLEEEEING.
You shoot an arrow. The arrow closely misses the goblin.
The goblin hits you but does no damage.
You shoot an arrow. The arrow hits the gnoll!
The gnoll is severely wounded.
The goblin barely misses you. The gnoll hits you with a +0 club.
You shoot an arrow. The arrow closely misses the gnoll.
The goblin hits you with a +0 dagger. The gnoll hits you with a +0 club.
You shoot an arrow. The arrow barely misses the gnoll.
The goblin hits you with a +0 dagger. The gnoll hits you but does no damage.
The gnoll hits you with a +0 club. The goblin hits you with a +0 dagger.
You shoot an arrow. The arrow hits the gnoll!
You kill the gnoll!
The goblin hits you with a +0 dagger.
You have reached level 4!
You feel clever.
You shoot an arrow. The arrow closely misses the goblin.
The goblin hits you but does no damage.
You shoot an arrow. The arrow misses the goblin.
The goblin barely misses you. The gnoll barely misses you.
You shoot an arrow. The arrow closely misses the goblin.
The goblin closely misses you. The gnoll barely misses you.
You shoot an arrow. The arrow closely misses the goblin.
The goblin hits you but does no damage. The gnoll hits you but does no damage.
You shoot an arrow. The arrow misses the goblin.
The goblin barely misses you.
The gnoll hits you from afar with a +0 spear!
You die...

######### ........#
#######.### #.).......# #
#.##.##.#.#
....##.##.#)########
#!#...g)@........... .
....(.#.##g#.#######) ..
.........##.)..##### ...
..##.#..............##......
g...............###.##......
##.#......................
#.##############.##.....
#.##....## #.##....#.


You could see a gnoll and a goblin.

Vanquished Creatures
  2 gnolls (D:2)
  A worm (D:2)
  A dart slug (D:2)
  5 bats
  An endoplasm (D:2)
  A giant cockroach (D:2)
  5 hobgoblins (D:1)
  4 quokkas
  5 ball pythons
  A frilled lizard (D:1)
  4 goblins
  A kobold (D:2)
  3 rats (D:1)
34 creatures vanquished.

Notes
Turn   | Place    | Note
-------+----------+-------------------------------------------
     0 | D:1      | qw the Gargoyle Hunter began the quest for the Orb.
     0 | D:1      | Reached XP level 1. HP: 12/12 MP: 1/1
     0 | D:1      | 0 ||| qw: Version: 0.3-a-76-g4403597
     0 | D:1      | 0 ||| qw: Game counter: 609
     0 | D:1      | 0 ||| qw: Melee chars always use a shield: true
     0 | D:1      | 0 ||| qw: God list: Okawaru
     0 | D:1      | 0 ||| qw: Allow faded altars: false
     0 | D:1      | 0 ||| qw: Do Orc after clearing Dungeon:15 true
     0 | D:1      | 0 ||| qw: Do second Lair branch before Depths: true
     0 | D:1      | 0 ||| qw: Lair rune preference: random
     0 | D:1      | 0 ||| qw: Goals: Normal
     0 | D:1      | 0 ||| PLANNING D:1-11
   117 | D:1      | Reached XP level 2. HP: 12/17 MP: 2/2
   584 | D:1      | 584 ||| UPGRADING to +6 ring of strength.
   585 | D:1      | 585 ||| READING scroll labelled YZUOXT HIDUOS.
   586 | D:1      | 586 ||| READING scroll labelled QIOSCHE JOUW.
   587 | D:1      | 587 ||| DRINKING 3 bubbling white potions.
   588 | D:1      | 588 ||| DROPPING scroll of butterflies.
   627 | D:2      | Reached XP level 3. HP: 14/21 MP: 3/3
   698 | D:2      | Reached skill level 5 in Ranged Weapons
   866 | D:2      | 866 ||| Stepping ~*~*~tactically~*~*~ (retreating).
   872 | D:2      | 872 ||| Stepping ~*~*~tactically~*~*~ (outnumbered).
   875 | D:2      | Reached skill level 3 in Fighting
   875 | D:2      | 875 ||| FLEEEEING.
   876 | D:2      | 876 ||| FLEEEEING.
   877 | D:2      | 877 ||| FLEEEEING.
   881 | D:2      | HP: 5/23 [goblin/+0 dagger (1)]
   883 | D:2      | Reached XP level 4. HP: 4/28 MP: 4/4
   887 | D:2      | Slain by a gnoll

Levels and vault maps discovered:
D:1:      minmay_arrival_doors, layout_loops_cross, minmay_misc_feat_cross
D:2:      layout_loops_ring, serial_shops, shop_fountains, basic_altar

Skill      XL: |  1  2  3 |
---------------+----------+-----
Ranged Weapons | 5 |  5.1
Fighting       | 3 |  3.0
Dodging        | |  1.5
Stealth        | |  1.1

Action                     |  1- 3 |  4- 6 || total
---------------------------+-------+-------++-------
   Fire: Shortbow          |   132 |     5 ||   137
    Use: Scroll            |     2 |       ||     2
         Potion            |     1 |       ||     1
 Armour: Leather armour    |    35 |     4 ||    39
  Dodge: Dodged            |    44 |     5 ||    49

Table legend:
 A = Non-vault XP
 B = Vault XP
 C = Vault XP percentage of total XP
 D = Non-vault monster count
 E = Vault monster count
 F = Vault count percentage of total count
                 A         B        C        D         E       F
            +---------+---------+-------+---------+---------+-------
      Total |      85 |       0 |   0.0 |      34 |       0 |   0.0
            +---------+---------+-------+---------+---------+-------
        D:1 |      31 |       0 |   0.0 |      20 |       0 |   0.0
        D:2 |      54 |       0 |   0.0 |      14 |       0 |   0.0
            +---------+---------+-------+---------+---------+-------
